 Dungeon Crawl Stone Soup version 0.17-a0-1382-gc46a074 (webtiles) character file.

523 ololoev the Cudgeler (level 7, -2/66 HPs)
             Began as an Ogre Hunter on June 15, 2015.
             Slain by an elf zombie (4 damage)
             ... in an ossuary.
             The game lasted 00:10:52 (4389 turns).

ololoev the Cudgeler (Ogre Hunter)                  Turns: 4389, Time: 00:10:52

Health: -2/66      AC:  3    Str: 25    XL:     7   Next: 22%
Magic:  7/7        EV: 15    Int: 10    God:
Gold:   180        SH:  0    Dex: 15    Spells: 0 memorised, 6 levels left

rFire  + . .     SeeInvis .     c - +0 flail
rCold  + . .     Clarity  .     d - +0 robe
rNeg   . . .     SustAt   .     (no shield)
rPois  +         Gourm    .     (helmet restricted)
rElec  +         Spirit   .     (no cloak)
rCorr  +         Warding  .     (gloves unavailable)
rMut   .         Stasis   .     (boots unavailable)
MR     .....                    (no amulet)
Stlth  +++.......               (no ring)
                                (no ring)

@: mighty, agile, lethally poisoned (-2 -> -5), resistant, not resistant to
hostile enchantments, fairly stealthy
A: unfitting armour, tough skin 1
a: no special abilities


Innate Abilities, Weirdness & Mutations

You are too large for most types of armour.
You have tough skin (AC +1).

Inventory:

Hand weapons
 c - a +0 flail (weapon)
Missiles
 a - 3 large rocks (quivered)
Armour
 d - a +0 robe (worn)
Scrolls
 h - 3 scrolls of remove curse
 k - 2 scrolls of amnesia
Potions
 f - a potion of agility
 o - a potion of curing
Comestibles
 b - 7 chunks of flesh
 e - 3 bread rations
 j - a slice of pizza
 l - 2 fruits
 q - 4 meat rations


   Skills:
 - Level 2.6 Fighting
 * Level 7.7 Maces & Flails
 + Level 6.5 Throwing
 - Level 1.7 Dodging
 - Level 0.7 Stealth


You had 6 spell levels left.
You didn't know any spells.
You were in an ossuary. You were not hungry. You visited 1 branch of the dungeon, and saw 4 of its levels. You also visited: Ossuary. You collected 180 gold pieces. ...............# ...............## ................. ................. ...............M. ................. ......∩∩ZZ....... ........ZZZ.....M .......ZZ@Z...... .......ZZZW...... ...............## ...............# ................. ................. ....#####....... ... .......

Notes
Turn   | Place    | Note
--------------------------------------------------------------
     0 | D:1      | ololoev the Ogre Hunter began the quest for the Orb.
     0 | D:1      | Reached XP level 1. HP: 22/22 MP: 1/1
    75 | D:1      | Reached skill level 1 in Maces & Flails
    75 | D:1      | Reached XP level 2. HP: 21/29 MP: 2/2
   721 | D:1      | Reached XP level 3. HP: 9/36 MP: 3/3
  1501 | D:2      | Noticed Ijyb
  1900 | D:2      | Noticed Sigmund
  1902 | D:2      | Killed Sigmund
  1902 | D:2      | Reached skill level 5 in Maces & Flails
  1902 | D:2      | Reached skill level 5 in Throwing
  1902 | D:2      | Reached XP level 4. HP: 41/44 MP: 4/4
  1902 | D:2      | Reached XP level 5. HP: 46/50 MP: 5/5
  2049 | D:2      | Killed Ijyb
  2049 | D:2      | Reached skill level 6 in Maces & Flails
  2049 | D:2      | Reached XP level 6. HP: 7/59 MP: 6/6
  2839 | D:2      | Noticed Robin
  2867 | D:2      | Killed Robin
  3284 | D:3      | Found a glowing silver altar of Zin.
  3503 | D:3      | Found a faded altar to an unknown god.
  4196 | D:4      | Reached skill level 7 in Maces & Flails
  4196 | D:4      | Reached XP level 7. HP: 61/66 MP: 7/7
  4373 | D:4      | Found a sand-covered staircase.
  4379 | Ossuary  | Entered an ossuary
  4382 | Ossuary  | Noticed Kugnar's ghost (average DDNe)
  4389 | Ossuary  | HP: 2/66 [Kugnar's ghost (4)]
  4389 | Ossuary  | Slain by an elf zombie

Dungeon Overview and Level Annotations

Branches:
Dungeon (4/15)
 Temple: D:4-7

Altars:
Zin

Annotations:
Ossuary Kugnar's ghost, average DDNe


Message History

The kobold zombie barely misses you.
The hobgoblin zombie hits you but does no damage.
Drink which item? (? for menu, Esc to quit)
It was a potion of cure mutation.
It has a very clean taste.
You feel sick.
The adder zombie bites you but does no damage.
The adder zombie completely misses you. The elf zombie misses you.
The kobold zombie misses you.
Drink which item? (? for menu, Esc to quit)
It was a potion of resistance.
You feel protected.
You feel sick.
The hobgoblin zombie hits you but does no damage.
The adder zombie barely misses you. The adder zombie closely misses you.
The jackal zombie barely misses you.
Drink which item? (? for menu, Esc to quit)
It was a potion of might.
You feel very mighty all of a sudden.
You feel sick. The elf zombie misses you. The adder zombie bites you.
The kobold zombie misses you. The adder zombie barely misses you.
The hobgoblin zombie closely misses you.
The jackal zombie bites you.
The jackal zombie bites you but does no damage.
You bludgeon the jackal zombie!!
You destroy the jackal zombie!
You feel sick. The adder zombie bites you.
The adder zombie completely misses you. The elf zombie hits you.
The jackal zombie barely misses you. The kobold zombie barely misses you.
The hobgoblin zombie hits you.
A mummy comes into view.
You barely miss the elf zombie. The adder zombie barely misses you.
The jackal zombie misses you. The adder zombie misses you.
Kugnar's ghost hits you. The elf zombie hits you. The elf zombie hits you.
The kobold zombie closely misses you.
The hobgoblin zombie completely misses you.
A mummy comes into view.
You barely miss the elf zombie.
You feel sick. The adder zombie barely misses you.
The jackal zombie closely misses you. The adder zombie closely misses you.
Kugnar's ghost hits you. The elf zombie closely misses you.
The elf zombie hits you.
You die...

You could see 2 mummies, Kugnar's ghost, 2 adder zombies, a rat zombie, a jackal zombie, 2 hobgoblin zombies, a kobold zombie, 2 elf zombies and 2 human zombies.

Vanquished Creatures
  Sigmund (D:2)
  An ogre (D:4)
  An orc priest (D:3)
  Ijyb (D:2)
  A worker ant (D:4)
  Robin (D:2)
  3 gnolls (D:4)
  6 adders
  9 orcs
  2 ball pythons (D:1)
  13 bats
  2 giant cockroaches (D:1)
  15 hobgoblins
  3 jackals (D:3)
  10 kobolds
  A quokka (D:3)
  2 giant geckos
  7 giant newts
  21 goblins
  A jackal zombie (Ossuary)
  9 rats
110 creatures vanquished.

Action                   |  1- 3 |  4- 6 |  7- 9 || total
-------------------------+-------+-------+-------++-------
Melee: Short sword       |     8 |       |       ||     8
       Club              |   173 |   134 |       ||   307
       Mace              |       |   163 |     9 ||   172
       Flail             |       |       |    22 ||    22
Throw: Large rock        |     2 |    14 |     1 ||    17
       Throwing net      |       |     3 |       ||     3
  Use: Scroll            |       |     6 |       ||     6
       Potion            |       |       |     5 ||     5
 Stab: Sleeping          |     3 |     1 |       ||     4
       Held in net/web   |       |     3 |       ||     3
  Eat: Chunk             |     2 |     9 |     1 ||    12

Vault maps used:
D:1:      lightli_arrival_statuegarden, minmay_close_crescents
D:2:      uniq_sigmund, uniq_iyjb, uniq_robin
D:3:      lemuel_crystal_altar, ecumenical_altar_1, minmay_misc_feat_x,
          kennysheep_generic_room_16
D:4:      portal_sewer_entry_a, enter_ossuary_1
Ossuary:  ossuary_minmay_tomb_2a
